[Event "FIDE WCCC U10 2018"]
[Site "Santiago de Compostela"]
[Date "2018.11.08"]
[Round "4"]
[White "Pingin, Artem"]
[Black "Deuer, Marius"]
[Result "1/2-1/2"]
[ECO "C95"]
[WhiteElo "1981"]
[BlackElo "1695"]
[Annotator "NA RC"]
[PlyCount "199"]
[EventDate "2018.11.04"]
[EventType "swiss"]
[EventCountry "ESP"]
[SourceTitle "playchess.com"]
[Source "ChessBase"]
[SourceQuality "1"]
[TimeControl "40/5400+30:1800+30"]

1. e4 e5 2. Nf3 Nc6 3. Bb5 a6 4. Ba4 Nf6 5. O-O Be7 6. Re1 b5 7. Bb3 d6 8. c3 O-O 9. h3 Nb8 10. d4 Nbd7 11. Nbd2 Bb7 12. Bc2 c5 13. d5 c4 {[%emt 0:00:09] C95: Closed Ruy Lopez: Breyer Variation with 10 d4} 14. Nf1 Qc7 15. Ng3 {[%emt 0:03:57] LiveBook: 24 Games} g6 (15... Rfb8 16. Nf5 Bf8 17. Nh2 Bc8 18. Qf3 b4 19. Bg5 b3 20. Bd1 Ne8 21. a3 {1-0 (95) Kravtsiv,M (2641)-Jones,G (2676) Sharjah 2017}) 16. Bg5 Rfb8 $146 ({Predecessor:} 16... a5 17. Qd2 Rfb8 18. Nh2 Qd8 19. f4 exf4 20. Bxf4 Ne5 21. Rf1 {1-0 (47) Perske,T (2431)-Plenca,J (2446) Rymanow Zdroj 2017}) 17. Qd2 Bf8 18. Nh2 Bg7 19. Rf1 a5 20. h4 b4 21. h5 Nxh5 22. Nxh5 gxh5 23. Bd1 Nc5 24. Bf3 Bc8 25. Be3 bxc3 26. bxc3 Nd3 27. Bxh5 Rb2 28. Qd1 Rab8 ({Black should try} 28... f5 $1 $15 29. Bc1 Rb7) 29. Qf3 R8b7 30. Ng4 Bxg4 31. Qxg4 Nc5 (31... Qd8 $11 {keeps the balance.}) 32. Bxc5 Qxc5 33. Rae1 Rb8 $2 {[%emt 0:01:07] [#]} ({Of course not} 33... Rxa2 $6 34. Re3 $16) ({Black should try} 33... Qc7 $1 $14) 34. Re3 ({White has to play} 34. Bxf7+ $1 $18 Kh8 (34... Kxf7 35. Qe6+) 35. Be6) 34... Qc8 35. Qh4 Qd8 36. Qh3 Rxa2 37. Bxf7+ Kh8 38. Qh5 Rab2 39. Bg6 h6 40. Rg3 a4 41. Bf5 Qf6 42. Rg6 Qf8 43. Re6 $2 (43. g4 $18) 43... a3 $1 44. Qg6 Qg8 45. Rxd6 Bf8 $1 46. Qxg8+ Kxg8 47. Ra6 a2 48. Be6+ Kg7 49. d6 Bxd6 50. Bxc4 Rc8 (50... Bc5 $14) 51. Be6 Rd8 52. Rxa2 Rxa2 53. Bxa2 Rc8 54. Rd1 Be7 55. Rd3 Bc5 56. Rg3+ Kh7 57. Be6 Rd8 58. Rf3 Rd1+ 59. Kh2 Rd2 60. Kg3 Kg6 61. Bf7+ Kg7 $1 $11 62. Bd5 Kg6 63. Bc6 Rc2 64. Be8+ Kg7 65. Bf7 (65. Rf7+ $16 Kg8 66. Rf3) 65... Re2 66. Bd5 Rc2 67. c4 Kg6 68. Rf5 Rc3+ 69. f3 Bd4 70. Kh3 Kg7 71. Rf7+ Kg6 72. Rb7 Rd3 $1 (72... h5 $16 {was worth a try.} 73. Re7 Rc1) 73. Bf7+ Kf6 74. Bd5 $2 (74. Bh5 $16) 74... Kg6 75. Rb1 Rc3 76. Rf1 Kg5 77. g3 Rd3 78. Be6 Rc3 79. Kg2 ({Better is} 79. Bf7 $16) 79... Rc2+ 80. Kh3 Rc3 81. f4+ exf4 82. Rxf4 Rxg3+ $1 83. Kxg3 Be5 84. c5 Bxf4+ 85. Kf3 Bb8 86. Bd7 Kf6 87. Kg4 Ke5 88. Bf5 Kd4 89. c6 Kc5 90. Bd7 Kd4 91. Kf3 h5 92. Be6 Kc5 93. Bd5 Kd4 94. Kg2 h4 95. Kh3 Bg3 $1 96. Kg4 Kc5 97. e5 $1 Bxe5 98. Bh1 $11 Bg3 99. c7 Bxc7 100. Kxh4 1/2-1/2

[Event "FIDE WCCC U10 2018"]
[Site "Santiago de Compostela"]
[Date "2018.11.08"]
[Round "4"]
[White "Vagman, Roy"]
[Black "Nitsche, Nikolai"]
[Result "1-0"]
[ECO "C03"]
[WhiteElo "1970"]
[BlackElo "1645"]
[Annotator "NA RC"]
[PlyCount "61"]
[EventDate "2018.11.04"]
[EventType "swiss"]
[EventCountry "ESP"]
[SourceTitle "playchess.com"]
[Source "ChessBase"]
[SourceQuality "1"]
[TimeControl "40/5400+30:1800+30"]

1. e4 e6 2. d4 d5 3. Nd2 Be7 4. c3 Nf6 5. e5 Nfd7 6. Bd3 c5 7. Ne2 Nc6 8. Nf3 O-O 9. O-O {[%emt 0:01:09] C06: French Tarrasch: 3...Nf6 4 e5 Nfd7 5 Bd3 main lines} f6 (9... Re8 10. Be3 b6 11. Rc1 Bb7 12. Nf4 Rc8 13. h3 Na5 14. Qe2 Nc4 15. Rcd1 Qc7 16. Bc1 Na5 {1-0 (33) Faber,H (2451)-Scherer,A (2457) Remote email 2012}) 10. exf6 $1 Nxf6 11. Re1 cxd4 12. Nexd4 Nxd4 13. cxd4 Bd7 14. Bd2 $146 ({Predecessor:} 14. Ne5 Qb6 15. Bg5 Bb5 16. Bc2 Rac8 17. Rc1 Rc7 18. a4 Bc4 19. b3 Ba6 20. Bxf6 Rxf6 21. Qh5 Rh6 22. Qf7+ {1-0 (22) Angeleri Gastana,R-Garcia Perez,J Aviles 2008}) 14... Bd6 15. Qb3 b5 16. Rac1 ({Don't play} 16. Bxb5 $6 Rb8 $11) 16... a6 17. Bb4 Bxb4 18. Qxb4 a5 19. Qd6 Rb8 20. Ne5 Qb6 21. Qxb6 Rxb6 22. Rc7 Be8 (22... Rd8 {was called for.} 23. Ra7 Rbb8) 23. Ra7 a4 (23... b4 {was called for.} 24. f3 (24. Rxa5 Nd7 $18) 24... Bb5 25. Rxa5 Bxd3) 24. Rc1 g6 (24... Kh8 $142 25. Rcc7 Rg8) 25. Rcc7 b4 26. g4 b3 27. a3 g5 28. Bxh7+ Nxh7 29. Rxh7 (29. Rg7+ $142 Kh8 30. Rxh7+ Kg8 31. Rag7#) 29... Rf4 $18 30. Rag7+ Kf8 31. Rc7 1-0

[Event "FIDE WCCC U10 2018"]
[Site "Santiago de Compostela"]
[Date "2018.11.08"]
[Round "4"]
[White "Chandra, Anand Rishi"]
[Black "Kandil, Ahmed Abdel Khalek"]
[Result "0-1"]
[ECO "C55"]
[WhiteElo "1953"]
[BlackElo "1812"]
[Annotator "NA RC"]
[PlyCount "130"]
[EventDate "2018.11.04"]
[EventType "swiss"]
[EventCountry "ESP"]
[SourceTitle "playchess.com"]
[Source "ChessBase"]
[SourceQuality "1"]
[TimeControl "40/5400+30:1800+30"]

1. e4 e5 2. Nf3 Nc6 3. Bc4 Nf6 4. d3 Be7 {[%emt 0:00:00] LiveBook: 4312 Games} 5. c3 O-O 6. O-O d6 7. Nbd2 h6 8. Re1 Be6 {[%emt 0:00:06] C55: Zweispringerspiel} (8... Na5 9. Bb5 a6 10. Ba4 b5 11. Bc2 c5 12. Nf1 Re8 13. Ne3 Bf8 14. h3 d5 15. exd5 Nxd5 16. Nxd5 Qxd5 17. d4 Bb7 18. Be4 Qd7 19. Bxb7 Qxb7 20. dxe5 Rad8 21. Qc2 Qd5 22. Bf4 {½-½ (56) Gochelashvili,D (2419)-Balashov,Y (2429) Sochi 2018}) 9. Bb5 a6 10. Ba4 b5 11. Bc2 Nh7 12. d4 Bg4 13. h3 Bh5 14. g4 Bg6 15. d5 Nb8 16. Nf1 $146 ({Vorgänger:} 16. b3 c6 17. c4 h5 18. Nh2 hxg4 19. hxg4 {½-½ (86) Nieminen,K (2220)-Salo,H (2245) Finland 1994}) 16... h5 (16... Ng5 $11) 17. Ng3 Nf6 18. g5 Nh7 19. h4 f6 20. Nf5 Bxf5 21. exf5 fxg5 {[%emt 0:00:27] [#]} 22. f6 $1 gxf6 23. Bxh7+ $2 ({Worse is} 23. Qd3 f5 $11) (23. hxg5 $18 fxg5 24. Bxh7+ Kxh7 {[#]} 25. Nxg5+ $1 Bxg5 26. Qxh5+ Kg7 27. Bxg5) 23... Kxh7 24. hxg5 Rg8 $2 (24... Qe8 $11) 25. Nh4 Qe8 26. g6+ $2 (26. Qc2+ $18 Kg7 27. g6) 26... Rxg6+ $1 27. Nxg6 Qxg6+ 28. Kh2 $1 Nd7 29. Rg1 Qf5 30. Qd2 Bf8 31. Qe3 Bg7 32. Bd2 (32. Qg3 $14 Rg8 33. a4) 32... Nc5 33. Rg2 Ne4 $1 34. Rag1 Ng5 35. Qg3 $2 ({White should try} 35. Rxg5 $11 fxg5 36. Rxg5) 35... Bh6 36. Bxg5 Bxg5 (36... fxg5 $17 37. Kh1 Rf8) 37. Kh1 Rg8 38. Rh2 Kh6 39. Qh3 Qxh3 40. Rxh3 Re8 41. Re1 (41. b4 $11) 41... Rb8 42. b3 Kg6 43. Kg2 Rh8 44. c4 f5 45. cxb5 axb5 46. f3 (46. a4 $11) 46... Ra8 47. Re2 ({White should try} 47. Kh1 $1 $15) 47... b4 48. Rc2 Ra5 49. Rg3 (49. Rxc7 $17 {ist wohl besser.} Rxa2+ 50. Kf1) 49... f4 ({Don't play} 49... Rxd5 50. Kh3) 50. Rh3 Rxd5 51. Rxc7 Rd2+ 52. Kf1 Rxa2 53. Rb7 h4 54. Rxb4 Kf5 55. Rb8 d5 56. Rf8+ Ke6 57. b4 Rb2 58. Rb8 e4 59. fxe4 dxe4 60. Rc3 Kf5 61. Rc5+ Kg4 62. b5 f3 63. Re8 Rb1+ 64. Kf2 e3+ 65. Rxe3 Rb2+ 0-1

[Event "FIDE WCCC U10 2018"]
[Site "Santiago de Compostela"]
[Date "2018.11.08"]
[Round "4"]
[White "Sosa Costa, Leonardo"]
[Black "Materia, Marco"]
[Result "1/2-1/2"]
[ECO "C55"]
[WhiteElo "1945"]
[BlackElo "2035"]
[Annotator "NA RC"]
[PlyCount "115"]
[EventDate "2018.11.04"]
[EventType "swiss"]
[EventCountry "ESP"]
[SourceTitle "playchess.com"]
[Source "ChessBase"]
[SourceQuality "1"]
[TimeControl "40/5400+30:1800+30"]

1. e4 e5 2. Nf3 Nc6 3. Bc4 Nf6 4. d3 Be7 5. O-O O-O 6. Re1 d6 7. a4 Na5 8. Ba2 {[%emt 0:00:15] C55: Two Knights: 4 d3, 4 d4 exd4 5 e5 and Max Lange Attack} c5 9. Na3 Nc6 10. c3 h6 (10... a6 11. Bd2 Rb8 12. Nc2 Be6 13. Bxe6 fxe6 14. b4 b5 15. Qe2 Qd7 {½-½ (54) Duda,J (2707)-Naiditsch,A (2710) Linares 2017}) 11. Nc4 Be6 {[%emt 0:02:45] LiveBook: 30 Games} 12. Bd2 a6 13. Na3 $146 ({Predecessor:} 13. b4 $11 cxb4 14. cxb4 d5 15. Ncxe5 Nxb4 {½-½ (37) Antal,G (2546)-Schreiner,P (2472) Aschach 2016}) 13... Bxa2 14. Rxa2 d5 15. Qb1 Qd6 16. b3 d4 17. Nc4 Qe6 18. a5 Rfe8 19. Ra4 Nd7 20. Re2 dxc3 21. Bxc3 Nd4 22. Nxd4 cxd4 23. Be1 b5 24. axb6 $1 Nxb6 25. Ra5 Nd7 26. h3 Reb8 27. b4 f6 28. Rb2 Nb6 29. Nxb6 Rxb6 ({Don't play} 29... Qxb6 30. b5 $14) 30. b5 Rab8 31. Rxa6 Rxa6 32. bxa6 Rxb2 33. Qxb2 Qxa6 34. Qb3+ Kh7 35. Bd2 Qa1+ 36. Kh2 Qf1 37. f3 Bd8 38. Bb4 Qc1 39. Qa3 Qf4+ 40. Kh1 f5 41. exf5 Qxf5 42. Qb3 e4 43. dxe4 Qf4 44. Qd5 Bc7 45. Qf5+ Qxf5 46. exf5 Bg3 47. Kg1 Kg8 {[%emt 0:01:43] [#]} (47... g6 $14) 48. Kf1 $1 d3 {[%emt 0:00:05] [#]} 49. Be1 $1 Be5 50. Bf2 Kf7 51. Ke1 ({Better is} 51. g4 $18) 51... Bc3+ 52. Kd1 $16 Kf6 53. Be1 Bxe1 54. Kxe1 Kxf5 55. Kd2 Kf4 56. Kxd3 Kg3 57. Ke4 Kxg2 58. Kd4 1/2-1/2

[Event "FIDE WCCC U10 2018"]
[Site "Santiago de Compostela"]
[Date "2018.11.08"]
[Round "4"]
[White "Atanasov, Anthony"]
[Black "Azjargal Erdenebat"]
[Result "1-0"]
[ECO "D00"]
[WhiteElo "1916"]
[BlackElo "1633"]
[Annotator "NA RC"]
[PlyCount "79"]
[EventDate "2018.11.04"]
[EventType "swiss"]
[EventCountry "ESP"]
[SourceTitle "playchess.com"]
[Source "ChessBase"]
[SourceQuality "1"]
[TimeControl "40/5400+30:1800+30"]

1. d4 d5 2. Bf4 Nf6 3. e3 e6 4. Nd2 c5 5. c3 Nc6 6. Bd3 Bd6 7. Bg3 O-O 8. Ngf3 h6 {[%emt 0:09:10] D02: 1 d4 d5 2 Nf3 sidelines, including 2...Nf6 3 g3 and 2...Nf6 3 Bf4} (8... b6 9. e4 Be7 10. e5 Nh5 11. Nf1 cxd4 12. Nxd4 Nxd4 13. cxd4 g6 14. Ne3 f5 15. exf6 Bxf6 16. Be2 Nxg3 17. hxg3 {½-½ (37) Nakamura,H (2787)-Svidler,P (2760) Moscow 2018}) 9. O-O {[%emt 0:12:09] LiveBook: 6 Partien} Re8 10. e4 $146 ({White should try} 10. dxc5 Bxc5 11. c4) ({Predecessor:} 10. Ne5 Qc7 11. f4 b6 12. Qa4 Bb7 13. Rf2 a6 14. Raf1 b5 15. Qd1 c4 16. Bb1 Ne7 {1-0 (31) Najjar,A (2274)-Hamam,B (2018) Doha 2011}) 10... Bxg3 11. hxg3 c4 12. Bc2 b5 13. a3 a5 14. e5 Nh7 15. b4 (15. Qe1 $14) 15... Bd7 16. g4 Nf8 17. g3 f5 18. Nh4 f4 (18... Qg5 $11) 19. Ng2 fxg3 20. fxg3 Nh7 (20... Qe7 $11 {keeps the balance.}) 21. Bg6 (21. Nf3 $16) 21... Rf8 22. Nf4 (22. Qc2 $5 Ng5 23. Rxf8+ Qxf8 24. Rf1 $14) 22... Ng5 23. Nf3 {[%emt 0:05:01] [#]} (23. Bc2 $11 {keeps the balance.}) 23... Nxf3+ ({Black should try} 23... Ne7 $1 $17 24. Bb1 axb4 25. cxb4 Ne4) 24. Qxf3 Qg5 {[%emt 0:01:27] [#]} (24... axb4 $11 {keeps the balance.} 25. axb4 Rxa1 26. Rxa1 Ne7) 25. Bc2 (25. Bf5 $1 $16 ) 25... g6 $2 (25... Be8 $16 {was worth a try.}) 26. Qe2 axb4 27. axb4 h5 $2 (27... Rxa1 28. Rxa1 Rxf4 29. gxf4 Qxf4) 28. Rxa8 Rxa8 29. Bxg6 Ne7 30. Bf7+ Kh8 31. Nxh5 Be8 32. Bxe8 Rxe8 33. Nf6 Qg6 34. Nxe8 Qxe8 35. Qf2 (35. Rf6 $142 Kg7 36. Qh2 Qg6 37. Rxg6+ Nxg6 38. g5 Nf8 39. Qh6+ Kf7 40. Qf6+ Ke8 41. Kf1) 35... Ng6 36. Qf7 Qg8 37. Rf6 Qa8 38. Rxg6 Qa1+ 39. Qf1 Qa7 40. Qf8+ 1-0

[Event "FIDE WCCC U10 2018"]
[Site "Santiago de Compostela"]
[Date "2018.11.08"]
[Round "4"]
[White "Seemann, Jakub"]
[Black "Leal Prado, David Elias"]
[Result "1-0"]
[ECO "C78"]
[WhiteElo "1869"]
[BlackElo "1741"]
[Annotator "NA RC"]
[PlyCount "71"]
[EventDate "2018.11.04"]
[EventType "swiss"]
[EventCountry "ESP"]
[SourceTitle "playchess.com"]
[Source "ChessBase"]
[SourceQuality "1"]
[TimeControl "40/5400+30:1800+30"]

1. e4 e5 2. Nf3 Nc6 3. Bb5 a6 4. Ba4 Nf6 5. O-O b5 6. Bb3 Bb7 7. Ng5 d5 8. exd5 Nd4 9. Re1 {[%emt 0:12:48] LiveBook: 10 Games} Bd6 {[%emt 0:04:43] C78: Ruy Lopez: Archangelsk and Möller Defences} ({Besser ist} 9... Be7 $15) 10. Nc3 O-O 11. d3 Nxb3 12. axb3 Nxd5 13. Nxd5 $146 ({Predecessor:} 13. Qf3 c6 14. Qf5 g6 15. Qh3 h5 16. Nce4 Bc8 17. Qg3 {0-1 (39) Hamdani,R (2375)-Zaw,W (2531) Surabaya 2002}) 13... Bxd5 14. d4 f6 15. dxe5 Bxe5 16. Nxh7 Kxh7 17. f4 Bf7 18. fxe5 Qxd1 19. Rxd1 fxe5 20. Be3 Bg6 21. c3 Rf6 22. b4 Raf8 23. Rd7 R8f7 24. Rxf7 Bxf7 25. Re1 Re6 26. g4 g6 27. Kg2 Rc6 28. Kg3 Rc4 {[%emt 0:00:59] [#]} 29. Bc5 $1 e4 30. Rf1 Bd5 31. Bd4 Rc6 {[%emt 0:00:54] [#]} (31... Kg8 $16 {was necessary.} 32. Bc5 e3) 32. h4 $2 (32. Rf8 $1 $18 {[%csl Gd4][%cal Rf8h8] is the precise move to win.} Bg8 33. h4) 32... Rd6 $2 (32... Kg8 $16) 33. Rf8 Bg8 34. Kf4 (34. Rc8 $142) 34... Re6 35. Rc8 Re7 36. Bc5 $16 (36. Bf6 $18 {has better winning chances.} e3 37. Bxe7) 1-0

[Event "FIDE WCCC U10 2018"]
[Site "Santiago de Compostela"]
[Date "2018.11.08"]
[Round "4"]
[White "Dang, Anh Minh"]
[Black "Volkov, Maksim"]
[Result "0-1"]
[ECO "D31"]
[WhiteElo "1817"]
[BlackElo "1971"]
[Annotator "NA RC"]
[PlyCount "142"]
[EventDate "2018.11.04"]
[EventType "swiss"]
[EventCountry "ESP"]
[SourceTitle "playchess.com"]
[Source "ChessBase"]
[SourceQuality "1"]
[TimeControl "40/5400+30:1800+30"]

1. d4 d5 2. c4 e6 3. Nf3 c6 4. Nc3 dxc4 5. a4 Bb4 6. e3 b5 7. Bd2 a5 8. axb5 Bxc3 9. Bxc3 cxb5 10. b3 $1 Bb7 11. bxc4 b4 12. Bb2 Nf6 13. Bd3 Nbd7 14. O-O O-O 15. Nd2 Qc7 16. e4 {[%emt 0:09:06] D31: Queen's Gambit Declined: Semi-Slav without ...Nf6 (+ Marshall Gambit and Noteboom) and Exchange Variation lines without ...Nf6} ({Günstiger ist} 16. Bc2 $11) (16. f4 a4 17. Rb1 Rfd8 18. Qe2 b3 19. Ba1 Nf8 20. e4 N6d7 21. Kh1 Re8 22. Qg4 Ng6 23. Qg3 Rad8 {½-½ (47) Andreikin,D (2737)-Tomashevsky,E (2716) Tbilisi 2015 CBM 165 [Krasenkow,M]}) 16... e5 {[%emt 0:02:24] LiveBook: 4 Games} 17. d5 $1 Rfe8 $146 ({Predecessor:} 17... Nc5 $15 18. Bc2 Nfd7 (18... Bc8 19. f4 Ng4 20. Qf3 exf4 21. e5 Nxe5 22. Qxf4 f6 23. Bxe5 Qxe5 24. Qxe5 fxe5 25. Bxh7+ Kxh7 26. Rxf8 {1-0 (36) Thorarinsson,P (2248)-Mouhamad,J (2290) Paris 2017})) 18. Bc2 Nb6 19. Bb3 Bc8 (19... Nfd7 $11) 20. f4 Ng4 {[%emt 0:05:39] [#]} 21. fxe5 ({White has to play} 21. Qf3 $1 $16) 21... Qc5+ (21... Ne3 $15 22. Qh5 Nxf1 23. Rxf1 Ba6) 22. Kh1 Nf2+ 23. Rxf2 $1 Qxf2 24. c5 (24. e6 $5 fxe6 25. Qh5 $11) 24... Qxc5 25. Nf3 {[%emt 0:01:17] [#]} (25. Rc1 $15 Qf2 26. e6) 25... Bg4 $2 (25... a4 $1 $17 26. Bd4 (26. Bxa4 Nxa4) 26... Qb5 27. Bxb6 Qxb6 28. Bxa4 Qa7) 26. Bd4 {[%emt 0:05:26] [#]} (26. Rc1 $5 Bxf3 27. Qxf3 $17) 26... Qb5 $1 27. d6 $2 (27. Bc2 $15 a4 28. Bd3) 27... Be6 28. Bxe6 $2 (28. Ng5 $17 {was the only chance.} Bxb3 29. Qxb3) 28... fxe6 ({Inferior is} 28... Rxe6 29. Bxb6 Qxb6 30. Qd5 $11) 29. Bxb6 Qxb6 30. Ng5 h6 31. Nh3 Rf8 32. Qg4 Rae8 33. Rd1 Rf7 34. Nf4 Qb5 35. h3 Qxe5 36. Ng6 Qb5 37. Kh2 b3 38. Ne7+ Rexe7 39. dxe7 Rxe7 40. Rd8+ Kh7 41. h4 b2 42. h5 Qe5+ 43. Kh3 Qf6 44. e5 Qf5 45. Qxf5+ exf5 46. Rb8 Rxe5 47. Rxb2 a4 48. Ra2 Re4 49. Kg3 Kg8 50. Kf3 Kf7 51. Rb2 Kf6 52. Rb5 Re5 53. Rb6+ Re6 54. Rb5 Ra6 55. Kf4 g5+ 56. hxg6 Kxg6 57. Rb2 a3 58. Ra2 Ra4+ 59. Ke5 Kg5 60. Kd5 Kg4 61. Kc5 f4 62. Kb5 Ra8 63. Kc4 h5 64. Kd3 h4 65. Ke4 Ra4+ 66. Kd3 Kg3 67. Kc3 h3 68. gxh3 Kxh3 69. Kd2 f3 70. Ke1 Kg3 71. Kf1 Rb4 0-1

[Event "FIDE WCCC U10 2018"]
[Site "Santiago de Compostela"]
[Date "2018.11.08"]
[Round "4"]
[White "Wilson, Ronen"]
[Black "Mardov, Dimitar"]
[Result "0-1"]
[ECO "B47"]
[WhiteElo "1761"]
[BlackElo "1985"]
[Annotator "NA RC"]
[PlyCount "131"]
[EventDate "2018.11.04"]
[EventType "swiss"]
[EventCountry "ESP"]
[SourceTitle "playchess.com"]
[Source "ChessBase"]
[SourceQuality "1"]
[TimeControl "40/5400+30:1800+30"]

1. e4 c5 2. Nf3 e6 3. d4 cxd4 4. Nxd4 Nc6 5. Nc3 Qc7 6. g3 a6 7. Bg2 d6 8. O-O Bd7 {[%emt 0:00:12] LiveBook: 796 Games} 9. Re1 Be7 {[%emt 0:01:59] B47: Sicilian: Taimanov: 5 Nc3 Qc7 6 f4, 6 g3 and 6 Be2} 10. Be3 (10. Nxc6 Bxc6 11. a4 Nf6 12. a5 {½-½ (12) Delgado Ramirez,N (2615)-Leitao,R (2618) Teresina 2018}) 10... Nf6 11. f4 Na5 $146 ({Predecessor:} 11... Rc8 12. Nb3 b5 13. a3 b4 14. axb4 Nxb4 15. Kh1 O-O 16. g4 d5 17. exd5 {0-1 (38) Peng,S (2193)-Kavutskiy,K (2369) Las Vegas 2017}) 12. Bf1 Nc4 13. Bxc4 Qxc4 14. Qf3 Bc6 15. Nxc6 Qxc6 16. Bd4 O-O 17. Qg2 Nd7 18. Rad1 Rac8 19. Rd2 Rfe8 20. Red1 Nb6 21. Rd3 (21. Rf2 $11) 21... Nc4 22. Rb1 b5 23. Nd1 Bf8 24. c3 ({Günstiger ist} 24. Bf2 $15) 24... e5 25. fxe5 (25. Bf2 $17 {keeps fighting.}) 25... dxe5 ({Nicht} 25... Nxe5 26. Rd2 $15) 26. Bf2 Nd6 (26... Red8 $19 27. Rd5 Nd2) 27. Re3 Be7 28. Re2 Qc4 29. Be1 (29. Re1 $17) 29... Qxa2 30. Rc1 Qe6 31. Ra1 Nb7 32. Bf2 Nc5 33. b4 Na4 34. Be1 Bd8 35. Kh1 Bb6 36. Qf3 Rc6 37. Bf2 Bxf2 38. Rxf2 Rec8 39. Rc1 Rd8 40. Rfc2 Rcd6 41. Ne3 Nb6 42. Ra1 Rd3 43. Rxa6 {[%emt 0:12:54] [#]} Qb3 (43... h6 $1 $17 44. Rc1 Qc6) 44. Re2 $2 ({Don't go for} 44. Rxb6 $2 {[#]} Qxc2 $3 45. Nxc2 Rxf3 $19) (44. Rf2 $11 Rxc3 45. Rxb6 Rxe3 46. Qf5) 44... Nc4 45. Ra7 Rf8 $2 (45... Nxe3 46. Rxe3 Rxe3 47. Qxe3 Qd1+ 48. Kg2 Rd2+ 49. Qxd2 Qxd2+ 50. Kh3 Qh6+ 51. Kg2 Qc6) 46. Ra1 $2 (46. Qf2 Nxe3 47. Rxe3 Qxc3 48. Rxd3 Qxd3 49. Qe1) 46... Qxc3 47. Rae1 Qxb4 $2 (47... Nxe3 48. Qf2 Nc4) 48. Qf2 Nxe3 49. Rxe3 Rd4 50. Qf5 Qd6 51. Qf3 b4 52. h4 Qe6 53. R3e2 Rfd8 54. Qg2 Rd3 55. Rb2 b3 56. Ree2 Qc4 57. Kh2 h6 58. Qf1 {[%emt 0:00:34] [#]} Qc3 (58... Rd2 $142 $1 59. Qe1 (59. Rbxd2 Rxd2) 59... Rc2) 59. Qg2 R8d6 60. h5 Rf3 61. Rf2 Re3 62. Rfe2 Rxe2 63. Rxe2 Rd1 64. Kh3 Rc1 65. Rd2 Qc8+ 66. Kh4 0-1

[Event "FIDE WCCC U10 2018"]
[Site "Santiago de Compostela"]
[Date "2018.11.08"]
[Round "4"]
[White "Matsumura, Cocoro"]
[Black "Zhao, Erick"]
[Result "0-1"]
[ECO "B43"]
[WhiteElo "1699"]
[BlackElo "1957"]
[Annotator "NA RC"]
[PlyCount "112"]
[EventDate "2018.11.04"]
[EventType "swiss"]
[EventCountry "ESP"]
[SourceTitle "playchess.com"]
[Source "ChessBase"]
[SourceQuality "1"]
[TimeControl "40/5400+30:1800+30"]

1. e4 c5 2. Nf3 e6 3. d4 cxd4 4. Nxd4 a6 5. Nc3 Qc7 6. Bd3 Nf6 7. O-O Nc6 8. Nf3 Be7 {[%emt 0:05:34] B43: Sicilian: Kan Variation: 5 Nc3} 9. Re1 d6 10. Qe2 (10. h3 O-O 11. Bf4 Ne5 12. Rc1 Nfd7 13. Qe2 b6 14. Nd1 Bb7 15. c4 Nxd3 16. Qxd3 {0-1 (27) Bitoon,J (2290)-Wang,C (2485) Pattaya 2013}) 10... O-O 11. Bf4 b5 $146 ({Predecessor:} 11... e5 12. Bg5 Bg4 13. Bxf6 Bxf6 14. Nd5 Qd8 15. c3 Be6 16. Rad1 Bxd5 17. exd5 {1-0 (62) Pintor,S (2024)-Duarte,D (1917) Guimaraes 2017}) 12. a4 b4 13. Na2 a5 14. c3 Bb7 15. cxb4 axb4 16. b3 Qa5 17. Bd2 Nd7 18. Bb5 Nde5 19. Red1 Rab8 20. Be1 Rfd8 21. Rac1 Nxf3+ 22. Qxf3 Qa8 23. Qg3 Na5 (23... Ne5 $11) 24. Nxb4 ({Better is} 24. Rc7 $16 Bf6 25. Qe3 (25. Bxb4 Bxe4 26. Nc3 Bb7 $16) (25. Rxd6 Bxe4 26. Bxb4 Rxd6 $11) (25. Nxb4 Rbc8 $16)) 24... Bxe4 (24... Rbc8 $14) 25. Bc3 (25. Na6 $18 Nxb3 26. Rc7 (26. Qxb3 Qxa6 27. Qxe6 fxe6 $11)) 25... Bg6 26. Bb2 Rdc8 (26... Qe4 $11) 27. h4 h5 (27... Bf8 $14) 28. Na2 (28. Na6 $16 Rxc1 29. Rxc1) 28... Rxc1 29. Rxc1 e5 $2 (29... Qd5 $1 $11) 30. b4 Nb7 31. Qc3 Nd8 32. Qc4 Ne6 33. Bc6 Qa7 34. g3 Rc8 (34... Nc5 $11) 35. b5 (35. Qe2 $14) 35... Nc5 36. Nc3 Nd3 37. Rc2 Ne1 $1 $11 {[%emt 0:00:48] [#]} 38. Rc1 ({And not} 38. Re2 Bd3 $11) (38. Nd5 $1 $16 Nf3+ (38... Bxc2) 39. Kh1 Bxc2 40. b6) 38... Nd3 39. Rc2 Nc5 40. Rd2 Bf8 {[%emt 0:00:00] [#]} 41. Ba3 $2 ({Better is} 41. Bd5 $1 $18) 41... Ne6 $1 42. Ne2 d5 $1 43. Qb3 (43. Qa2 $1 $11 {remains equal.}) 43... Bxa3 44. Qxa3 Qa5 (44... d4 $14) 45. Qa2 $2 (45. Qc3 $16 {ist nötig, um Vorteil zu sichern.} Qxc3 46. Nxc3) 45... d4 46. Bd5 (46. Rd1 $17) 46... Nc5 47. Rd1 d3 48. Nc1 Qxa4 49. Qxa4 Nxa4 50. Nb3 Nc3 51. b6 Nxd1 $19 52. b7 Rb8 53. Nc5 Nc3 54. Nd7 Rxb7 55. Bxb7 e4 56. f3 d2 0-1

[Event "FIDE WCCC U10 2018"]
[Site "Santiago de Compostela"]
[Date "2018.11.08"]
[Round "4"]
[White "Silva, Daniel Frederico V"]
[Black "Uritsky, Yonathan"]
[Result "0-1"]
[ECO "B30"]
[WhiteElo "1693"]
[BlackElo "1902"]
[Annotator "NA"]
[PlyCount "82"]
[EventDate "2018.11.04"]
[EventType "swiss"]
[EventCountry "ESP"]
[SourceTitle "playchess.com"]
[Source "ChessBase"]
[SourceQuality "1"]
[TimeControl "40/5400+30:1800+30"]

1. e4 c5 2. Nf3 Nc6 3. Bb5 Nf6 4. d3 Qa5+ {[%emt 0:00:29] B30: Sizilianisch (Rossolimo-Variante)} 5. Nc3 Nd4 6. Ba4 (6. Bc4 b5 7. Bd5 Rb8 8. O-O e6 9. Bf4 d6 10. Nxd4 cxd4 11. Bc6+ Nd7 12. Ne2 Qb6 13. Bxd7+ Bxd7 14. e5 Rc8 15. Re1 Be7 16. Qd2 O-O 17. Qb4 Rxc2 18. Qxd4 Rxe2 {0-1 (18) Motylev,A (2663)-Zhigalko,S (2671) Tallinn 2016}) 6... b5 7. Bb3 $1 Nxb3 {[%emt 0:05:38] LiveBook: 14 Games} 8. cxb3 d6 9. h3 g6 $146 ({Vorgänger:} 9... e6 10. O-O Be7 11. Bg5 O-O 12. a4 {0-1 (56) Lioe,D (2372)-Pascua,H (2462) Penang 2015}) 10. O-O Bg7 11. Bd2 b4 12. Ne2 Qb5 13. Ne1 (13. e5 $15 dxe5 14. Nxe5) 13... O-O 14. Bg5 h6 15. Bxf6 Bxf6 16. Qd2 Kh7 17. f4 e6 18. Nf3 d5 19. e5 Be7 20. Rfd1 Bb7 21. Kh1 (21. d4 $15) 21... f6 (21... Rfc8 $17) 22. Rf1 (22. exf6 $11 Rxf6 23. d4) 22... d4 (22... f5 $17) 23. Neg1 $2 (23. exf6 $1 $11 {and White has nothing to worry.} Bd6 24. Ne5) 23... f5 24. Qe2 g5 25. fxg5 hxg5 26. Nd2 Kg6 ({Black should play} 26... Qe8 $19 27. Nc4 {[#]} g4 $1 ) 27. Nc4 {[%emt 0:00:46] [#]} Rh8 ({Lieber} 27... g4 $1 $19 28. Nd6 (28. hxg4 Rh8+) 28... Bxd6 29. exd6 Qc6 30. Qxe6+ Rf6) 28. Kh2 Qd7 29. g4 fxg4 (29... Raf8 $19 {is more deadly.} 30. Kg3 Qd5) 30. Qxg4 Rh4 31. Qg3 $1 Rah8 32. Nd6 {[%emt 0:11:32] [#]} Bd5 ({Besser ist} 32... g4 $1 $19 33. Nxb7 Qxb7) 33. Nf7 R8h7 34. Nd6 g4 35. Rf2 Bxd6 36. Rf6+ Kg7 37. Qf4 Qe7 38. Qg5+ Kh8 39. Raf1 Qg7 40. Rg6 Qxe5+ 41. Qxe5+ Bxe5+ 0-1